AoeStats
← 太阳当空照

Arena

509096974Analyzed
3v3 RM · 8d ago on Sep 25, 2026· 60m 42s· 6 players
Game mode
Random Map
Map size
Normal (6 player)
Population
200
Speed
Normal
Resources
Standard
Victory
Conquest
Starting age
Dark Age
Ending age
Imperial Age
RankedLock teamsTeams togetherTeam positionsShared explorationLock speedFull tech treeHidden civsTurbo modeCheats
Victory
Defeat
🇨🇳 Spanish · China
1215
+13
🇨🇳 Huns · China
1201
+14
🇨🇳 Franks · China
1200
+14
🇨🇴 Japanese · Colombia
1160
-14
🇺🇸 Shu · United States
1152
-14
🇨🇴 Slavs · Colombia
1135
-13
Baphomet
9:41 Feudal Age
15:16 Castle Age
13:36 Double-Bit Axe
14:22 Scale Mail Armor
14:52 Gold Mining
15:13 Man-at-Arms
16:02 Long Swordsman
17:46 Chain Mail Armor
21:33 Forging
21:30 Pikeman
24:05 Squires
30:18 Horse Collar
30:50 Bow Saw
31:23 Heavy Plow
32:25 Iron Casting
34:19 Wheelbarrow
37:45 Imperial Age
36:49 Gold Shaft Mining
36:36 Hand Cart
38:31 Druzhina
39:15 Plate Mail Armor
39:12 Conscription
38:44 Halberdier
40:39 Blast Furnace
39:10 Capped Ram
42:08 Two-Man Saw
41:01 Stone Mining
41:09 Siege Ram
42:06 Two-Handed Swordsman
43:15 Champion
46:37 Elite Boyar
47:26 Scale Barding Armor
47:48 Fletching
47:59 Padded Archer Armor
48:38 Elite Skirmisher
49:22 Detinets
49:45 Chain Barding Armor
49:21 Bodkin Arrow
49:42 Leather Archer Armor
49:40 Bloodlines
49:30 Husbandry
54:52 Chemistry
54:13 Ballistics
54:05 Masonry
54:00 Siege Engineers
57:36 Onager
59:57 Fortified Wall
59:52 Siege Onager
ian.7473
10:42 Feudal Age
12:14 Double-Bit Axe
12:56 Horse Collar
15:20 Castle Age
13:46 Gold Mining
16:24 Bow Saw
17:47 Redemption
18:26 Fletching
19:13 Crossbowman
20:23 Sanctity
23:29 Bodkin Arrow
27:41 Thumb Ring
28:48 Padded Archer Armor
31:44 Stone Mining
33:48 Gold Shaft Mining
33:16 Heavy Plow
33:53 Wheelbarrow
34:22 Ballistics
34:29 Pikeman
36:08 Fortified Wall
36:55 Scale Mail Armor
49:22 Hand Cart
49:28 Squires
49:40 Forging
52:21 Imperial Age
52:44 Chain Mail Armor
53:25 Arbalester
55:55 Two-Man Saw
57:03 Bracer
58:42 Elite Skirmisher
Jersey_TitanX
3:16 Loom
10:34 Feudal Age
10:46 Loom
10:37 Man-at-Arms
11:18 Double-Bit Axe
12:08 Arson
14:08 Horse Collar
20:54 Castle Age
20:15 Fletching
20:25 Padded Archer Armor
21:05 Crossbowman
23:15 Bodkin Arrow
24:45 Leather Archer Armor
27:26 Gold Mining
28:13 Bow Saw
30:41 Heavy Plow
32:36 Wheelbarrow
32:27 Stone Mining
33:40 Pikeman
34:21 Squires
37:55 Imperial Age
36:53 Scale Mail Armor
37:03 Forging
38:49 Chain Mail Armor
38:12 Halberdier
40:11 Plate Mail Armor
41:43 Elite Skirmisher
646257513
10:54 Feudal Age
16:34 Castle Age
15:20 Double-Bit Axe
15:17 Horse Collar
15:34 Gold Mining
17:48 Bow Saw
19:25 Loom
22:11 Town Watch
50:36 Gold Shaft Mining
小虾米
10:43 Feudal Age
14:37 Castle Age
12:25 Loom
13:51 Double-Bit Axe
13:49 Horse Collar
19:50 Bow Saw
21:00 Padded Archer Armor
31:57 Wheelbarrow
36:49 Imperial Age
36:47 Bloodlines
36:37 Husbandry
36:45 Scale Barding Armor
36:50 Forging
36:58 Cavalier
38:17 Conscription
39:36 Chemistry
40:30 Chain Barding Armor
40:46 Iron Casting
48:24 Leather Archer Armor
49:10 Blast Furnace
48:30 Hand Cart
48:00 Town Watch
太阳当空照
10:40 Feudal Age
14:34 Castle Age
12:33 Double-Bit Axe
16:30 Loom
17:29 Wheelbarrow
18:30 Wheelbarrow
20:51 Bow Saw
23:37 Hand Cart
23:58 Gold Mining
28:52 Imperial Age
27:10 Scale Barding Armor
27:17 Forging
29:01 Husbandry
29:25 Chain Barding Armor
30:14 Iron Casting
29:03 Cavalier
30:15 Paladin
32:01 Blast Furnace
31:37 Plate Barding Armor
53:17 Capped Ram
Connection lost

Rejoining the realm…

Still unreachable

The connection could not be restored.

Session expired

The server has moved on; the page needs a fresh start.